 Dungeon Crawl Stone Soup version 0.31-a0-345-g1ebeae05c6 (webtiles) character file.

Game seed: 8830274814633380096

95076 jt the Grappler (level 16, -9/156 HPs)
             Began as a Naga Shapeshifter on July 22, 2023.
             Was a High Priest of Okawaru.
             Shot with an arrow by a centaur warrior (21 damage)
             ... on level 14 of the Dungeon.
             The game lasted 01:26:07 (31364 turns).

jt the Grappler (Naga Shapeshifter)                Turns: 31364, Time: 01:26:08

Health: -9/156     AC: 30    Str: 22    XL:     16   Next: 13%
Magic:  21/21      EV:  7    Int: 21    God:    Okawaru [*****.]
Gold:   1613       SH:  5    Dex: 11    Spells: 17/19 levels left

rFire   . . .        D - staff of air
rCold   + . .        b - +0 buckler {reflect}
rNeg    + . .        m - +7 Kryia's mail coat {PotionHeal*2 rC+}
rPois   +            (helmet restricted)
rElec   +            e - +1 cloak
rCorr   +            F - +1 pair of gloves
SInv    +            t - +2 barding {Fly}
Will    +++..        (no amulet)
Stlth   +            O - ring "Obaviy" {rPois rN+ Int+3}
HPRegen 0.46/turn    B - ring of the Pure Priests {Will+ rCorr Str+3}
MPRegen 0.17/turn

%: reflection
@: marked, flying, hasted, studying Poison Magic, quick
A: AC +5, large, see invisible, deformed body, poison resistance, slowness 2,
spit poison 1, naga tail 2, antennae 1, clever 1
a: Spit Poison, Renounce Religion, Heroism, Finesse, Duel


You were on level 14 of the Dungeon.
You worshipped Okawaru.
Okawaru was extremely pleased with you.
You visited 5 branches of the dungeon, and saw 24 of its levels.

You collected 3247 gold pieces.
You spent 1634 gold pieces at shops.

Inventory:

Hand Weapons
 g - a +0 sling
Missiles
 i - 3 throwing nets
 l - 5 javelins
 u - 29 poisoned darts
 Q - 3 curare-tipped darts
Armour
 b - a +0 buckler of reflection (worn)
 e - a +1 cloak (worn)
 m - the +7 Kryia's mail coat (worn) {PotionHeal*2 rC+}
   (You found it on level 1 of the Lair of Beasts)

   PotionHeal*2: Potions heal its wearer twice as much.
   rC:        It protects you from cold.
 t - a +2 barding of flying (worn)
 w - a +0 barding of cold resistance
 F - a +1 pair of gloves (worn)
 J - the +7 plate armour of Context {+Inv Fly rPois}
   (You found it on level 12 of the Dungeon)

   rPois:     It protects you from poison.
   +Inv:      It lets you turn invisible.
   Fly:       It grants you flight.
Magical Staves
 h - a staff of death
 D - a staff of air (weapon)
Jewellery
 j - a ring of flight
 p - a ring of positive energy
 s - a ring of fire
 B - the ring of the Pure Priests (right hand) {Will+ rCorr Str+3}
   (You found it on level 5 of the Lair of Beasts)

   [ring of resist corrosion]

   Str:       It affects your strength (+3).
   rCorr:     It protects you from acid and corrosion.
   Will:      It increases your willpower.
 H - a +6 ring of dexterity
 O - the ring "Obaviy" (left hand) {rPois rN+ Int+3}
   (You found it on level 8 of the Dungeon)

   [ring of positive energy]

   Int:       It affects your intelligence (+3).
   rPois:     It protects you from poison.
   rN:        It protects you from negative energy.
Talismans
 c - a beast talisman
 k - a maw talisman
 A - a talisman of death
Wands
 a - a wand of mindburst (5)
 L - a wand of digging (9)
 P - a wand of roots (1)
 V - a wand of polymorph (3)
 Y - a wand of flame (20)
Scrolls
 d - a scroll of immolation
 x - a scroll of torment
 C - a scroll of revelation
 K - 4 scrolls of vulnerability
 M - a scroll of enchant armour
 S - a scroll of enchant weapon
 Z - a scroll of brand weapon
Potions
 q - 2 potions of cancellation
 r - 3 potions of mutation
 z - a potion of ambrosia
 I - 7 potions of brilliance
 N - a potion of might
 T - 2 potions of magic
 W - 3 potions of enlightenment
 X - 2 potions of lignification
Miscellaneous
 v - a condenser vane (inert)
 G - a phial of floods


   Skills:
 - Level 13.0 Fighting
 - Level 9.8 Armour
 - Level 4.2 Dodging
 - Level 4.0 Stealth
 - Level 6.0 Shields
 - Level 13.3 Unarmed Combat
 - Level 2.0 Spellcasting
 - Level 5.0 Translocations
 - Level 6.9 Invocations
 - Level 4.0 Evocations
 + Level 12.5 Shapeshifting


You had 17 spell levels left.
You knew the following spells:

 Your Spells              Type           Power      Damage    Failure   Level
a - Blink                 Tloc           46%        N/A       8%          2

Your spell library contained the following spells:

 Spells                   Type           Power      Damage    Failure   Level
 Magic Dart               Conj           8%         1d3       36%         1
 Shock                    Conj/Air       12%        1d3       36%         1
 Manifold Assault         Tloc           23%        N/A       45%         4
 Cigotuvi's Dreadful Rot  Necr/Pois/Air  6%         N/A       52%         2
 Ignite Poison            Fire/Tmut/Pois 2%         N/A       75%         3
 Mephitic Cloud           Conj/Pois/Air  3%         N/A       75%         3
 Swiftness                Air            3%         N/A       75%         3
 Airstrike                Air            1%         2d(1-17)  98%         4
 Cause Fear               Hex            1%         N/A       98%         4
 Borgnjor's Vile Clutch   Necr/Erth      1%         N/A       100%        5
 Fireball                 Conj/Fire      1%         3d3       100%        5
 Freezing Cloud           Conj/Ice/Air   1%         6-21      100%        5
 Shatter                  Erth           1%         3d5*      100%        9
 Call Imp                 Summ           Unusable   N/A       N/A         2
 Tukima's Dance           Hex            Unusable   N/A       N/A         3
 Dragon's Call            Summ           Unusable   N/A       N/A         9

Dungeon Overview and Level Annotations

Branches:
Dungeon (14/15)            Temple (1/1) D:5            Lair (5/5) D:8
  Swamp (2/4) Lair:2       Spider (0/4) Lair:2        Slime (0/5) Lair:5
    Orc (2/2) D:11            Elf (0/3) Orc:2        Vaults (0/5) D:13

Altars:
Ashenzari
Cheibriados
Dithmenos
Elyvilon
Fedhas
Gozag
Hepliaklqana
Kikubaaqudgha
Makhleb
Nemelex Xobeh
Okawaru
Qazlal
Ru
Sif Muna
Trog
Uskayaw
Vehumet
Wu Jian
Xom
Yredelemnul
Zin
The Shining One
Jiyva

Shops:
D:6 *   D:8 *

Annotations:
Lair:1 exclusion: 3 oklob plants
Swamp:2 Mlioglotl


Innate Abilities, Weirdness & Mutations

Your serpentine skin is tough. (AC +5)
You have supernaturally acute eyesight. (SInv)
Armour fits poorly on your strangely shaped body.
Your system is resistant to poisons. (rPois)
You cover ground very slowly.
You can spit poison.
You can use your snake-like lower body to constrict enemies.
You have a pair of small antennae on your head.
Your mind is acute. (Int +4, Str/Dex -1)


Message History

Your extra speed is starting to run out.
The boggart gestures wildly while chanting.
The boggart blinks!
A tengu conjurer comes into view.
Okay, then.
Aiming: Fastroot
Press: ? - help, Shift-Dir - straight line
Okay, then.
Okay, then.
Aim the phial where?
Press: ? - help, Shift-Dir - straight line, f - you
Okay, then.
Okay, then.
Okay, then.
Okay, then.
The air fills with toxic fumes!
As you read the scroll of poison, it crumbles to dust.
Okay, then.
D - a staff of air (weapon)
You feel as though your hastened speed will last longer.
The tengu conjurer gestures at you while chanting.
The bolt of lightning hits you. You resist.
* * * LOW HITPOINT WARNING * * *
The tengu warrior is engulfed in poison gas.
The tengu warrior is poisoned.
Okay, then.
Okay, then.
Aiming: Mindburst
Press: ? - help, Shift-Dir - straight line, f - tengu conjurer
Aim: a tengu conjurer (chance to affect: 79%)
The tengu conjurer barely resists.
A centaur warrior comes into view. It is wielding a +0 broad axe.
The tengu warrior is engulfed in poison gas.
The tengu warrior looks even sicker.
Okay, then.
Okay, then.
The centaur warrior unwields a +0 broad axe.
The centaur warrior wields a +0 orcbow.
The centaur warrior shoots an arrow.
The arrow hits you!!
You die...

#####§§§§§§§§§...
#...§§§§§§§§§....
#...#..
#....§§§.§§§§....
#8.8.8.
#.....§§§§§§.....
#.8.8.#
#######§§§§###'#.
#8.8H8# #§§z§# .#
#.8.8l. #§.§§#
#8.8.8. #§§§§#
#...c# #§@§§#
#...# ####§§§§#
#..#.###
#..§§§Q§# '..#
#####§§§# #..#
#Q§§# #..# #§.§#
#..# #..c#####..#
#......)...#
######..........#


You could see a skeletal warrior, a tengu warrior (very poisoned), a centaur
warrior and a tengu conjurer.

Vanquished Creatures
  Rupert (Lair:4)
  2 thorn hunters (Swamp:2)
  The ghost of Okey the Cleaver, a journeyman DDFi of Okawaru (Lair:4)
  A fire dragon (Lair:4)
  4 vault guards
  Erolcha (Orc:2)
  9 hydras
  A ghost crab (Lair:2)
  An ice dragon (Lair:3)
  A catoblepas (D:12)
  5 centaur warriors
  An ogre mage (Orc:2)
  6 two-headed ogres
  4 boulder beetles
  3 tengu warriors
  3 death yaks (Lair:4)
  An orc high priest (Orc:1)
  A pharaoh ant (Lair:2)
  Lodul (D:13)
  2 skysharks
  2 goliath frogs (Swamp:1)
  A flayed ghost (D:14)
  An orc knight (Orc:1)
  2 bog bodies (Swamp:2)
  3 deep elf pyromancers
  A mana viper (shapeshifter) (D:14)
  A wolf spider (D:14)
  3 orc sorcerers (Orc:2)
  20 ugly things
  2 cyclopes (D:13)
  4 manticores
  Joseph (D:8)
  2 black mambas (Lair:4)
  Maurice (Orc:2)
  4 elephants (Lair:4)
  A torpor snail (Lair:4)
  15 cane toads
  3 gargoyles
  3 kobold demonologists
  Maggie (D:7)
  An efreet (D:13)
  5 komodo dragons
  2 unseen horrors
  2 tengu conjurers (D:14)
  A spectral skyshark (Lair:2)
  15 rime drakes (Lair:4)
  6 polar bears
  6 trolls
  2 tarantellas (Lair:2)
  26 blink frogs
  3 tyrant leeches
  A jumping spider (Lair:2)
  2 slime creatures
  A centaur simulacrum (D:14)
  Sigmund (D:3)
  4 wraiths
  4 wyverns
  42 yaks
  3 vampires
  5 basilisks
  A shadow (D:11)
  3 fire bats (Lair:3)
  A death yak simulacrum (Lair:4)
  9 steam dragons
  A catoblepas simulacrum (Lair:4)
  15 vampire mosquitoes
  3 wargs
  4 swamp worms
  2 acid dragons
  10 water moccasins
  3 hydra simulacra (Lair:4)
  2 swamp drakes (Swamp:2)
  16 orc warriors
  3 sky beasts (D:7)
  3 black bears
  12 ogres
  A black mamba simulacrum (Lair:4)
  19 wolves
  2 boggarts (D:14)
  2 centaurs
  4 phantoms
  4 kobold brigands
  17 bullfrogs
  4 gnoll sergeants
  4 scorpions
  A cane toad simulacrum (Lair:4)
  4 wights (D:6)
  A blink frog simulacrum (Lair:4)
  3 killer bees (D:9)
  4 howler monkeys
  An electric eel (Lair:5)
  4 jellies
  A gnoll bouda (D:6)
  10 orc priests
  3 hounds
  Crazy Yiuf (D:3)
  3 iguanas
  Terence (D:3)
  16 orc wizards
  35 gnolls
  7 adders
  A white imp (D:7)
  5 ufetubi
  5 worms
  64 orcs
  10 ball pythons
  11 bats
  4 endoplasms
  7 giant cockroaches
  6 goblins
  11 hobgoblins
  7 jackals
  16 kobolds
  A quokka (D:2)
  4 frilled lizards
  6 rats
650 creatures vanquished.

Vanquished Creatures (others)
  A slime creature (D:14)
  A sky beast (D:7)
  A bullfrog (D:7)
3 creatures vanquished.

Grand Total: 653 creatures vanquished

Notes
Turn   | Place    | Note
-------+----------+-------------------------------------------
     0 | D:1      | jt the Naga Shapeshifter began the quest for the Orb.
     0 | D:1      | Reached XP level 1. HP: 18/18 MP: 1/1
    47 | D:1      | Reached skill level 1 in Stealth
   117 | D:1      | Reached XP level 2. HP: 25/25 MP: 2/2
   276 | D:1      | Reached XP level 3. HP: 22/31 MP: 3/3
   327 | D:1      | Found a faded altar of an unknown god.
   336 | D:1      | Prayed at the altar of an unknown god.
   336 | D:1      | Became a worshipper of Warmaster Okawaru
   336 | D:1      | Reached * piety under Okawaru
   922 | D:2      | Reached XP level 4. HP: 8/38 MP: 4/4
  1566 | D:2      | Reached XP level 5. HP: 23/45 MP: 5/5
  2418 | D:3      | Noticed Sigmund
  2428 | D:3      | Killed Sigmund
  2429 | D:3      | Reached XP level 6. HP: 46/55 MP: 6/6
  2515 | D:3      | Noticed Terence
  2530 | D:3      | Killed Terence
  2779 | D:3      | Found a runed translucent door.
  2780 | D:3      | Noticed Crazy Yiuf
  2785 | D:3      | Gained mutation: Your spells are a little easier to cast,
                  | but a little less powerful. [potion of mutation]
  2785 | D:3      | Gained mutation: You are vulnerable to heat. (rF-) [potion
                  | of mutation]
  2792 | D:3      | Killed Crazy Yiuf
  2952 | D:4      | Noticed a black bear
  2976 | D:4      | Killed a black bear
  2976 | D:4      | Reached ** piety under Okawaru
  2977 | D:4      | Reached XP level 7. HP: 25/62 MP: 7/7
  3343 | D:4      | Found an iron altar of Okawaru.
  3630 | D:5      | Entered Level 5 of the Dungeon
  3835 | D:5      | Reached skill level 5 in Unarmed Combat
  3931 | D:5      | Found a staircase to the Ecumenical Temple.
  3940 | Temple   | Entered the Ecumenical Temple
  3947 | D:5      | Found a hide-covered altar of Uskayaw.
  3947 | D:5      | Found a snail-covered altar of Cheibriados.
  3948 | D:5      | Found a sparkling altar of Nemelex Xobeh.
  4017 | D:5      | Reached XP level 8. HP: 53/72 MP: 8/8
  4087 | D:4      | Found an ornate altar of the Wu Jian Council.
  4854 | D:6      | Reached *** piety under Okawaru
  4874 | D:6      | Reached skill level 5 in Fighting
  4874 | D:6      | Reached skill level 1 in Armour
  5202 | D:6      | Found Cetium's General Store.
  5227 | D:6      | Reached XP level 9. HP: 65/81 MP: 9/9
  5308 | D:6      | Reached skill level 1 in Invocations
  5884 | D:6      | Bought a wand of quicksilver (4) for 252 gold pieces
  5884 | D:6      | Bought a potion of mutation for 120 gold pieces
  5885 | D:6      | Lost mutation: Your spells are a little easier to cast, but
                  | a little less powerful. [potion of mutation]
  5885 | D:6      | Lost mutation: You are vulnerable to heat. (rF-) [potion of
                  | mutation]
  5885 | D:6      | Gained mutation: Your mind is acute. (Int +4, Str/Dex -1)
                  | [potion of mutation]
  5885 | D:6      | Gained mutation: You have a pair of small antennae on your
                  | head. [potion of mutation]
  6564 | D:7      | Reached **** piety under Okawaru
  6565 | D:7      | Reached skill level 1 in Evocations
  6762 | D:7      | Noticed Maggie
  6786 | D:7      | Killed Maggie
  7270 | D:7      | Reached XP level 10. HP: 77/92 MP: 11/13
  7747 | D:8      | Noticed a two-headed ogre
  8058 | D:8      | Found Lijeigub's Demolitions Depot.
  8069 | D:8      | Killed a two-headed ogre
  8258 | D:8      | Noticed Joseph
  8278 | D:8      | Killed Joseph
  8408 | D:8      | Reached skill level 5 in Invocations
  8449 | D:8      | Identified the ring "Obaviy" {rPois rN+ Int+3}
  8910 | D:8      | Found a staircase to the Lair.
  9029 | Lair:1   | Entered Level 1 of the Lair of Beasts
  9109 | Lair:1   | Noticed a cane toad
  9122 | Lair:1   | Killed a cane toad
  9122 | Lair:1   | Reached ***** piety under Okawaru
  9123 | Lair:1   | Reached skill level 5 in Armour
  9419 | D:9      | Reached XP level 11. HP: 99/103 MP: 13/15
  9534 | D:9      | Noticed a centaur warrior
  9551 | D:9      | Killed a centaur warrior
 10452 | D:9      | Noticed a two-headed ogre
 10461 | D:9      | Killed a two-headed ogre
 10629 | D:9      | Found a stormy altar of Qazlal.
 10665 | D:10     | Entered Level 10 of the Dungeon
 11060 | D:10     | Noticed a two-headed ogre
 11069 | D:10     | Killed a two-headed ogre
 11724 | D:10     | Noticed a two-headed ogre
 11737 | D:10     | Killed a two-headed ogre
 12213 | Lair:1   | Found the +7 Kryia's mail coat {PotionHeal*2 rC+}
 12263 | Lair:1   | Received a gift from Okawaru
 12264 | Lair:1   | Reached skill level 5 in Shields
 12895 | Lair:1   | Noticed an oklob plant
 12895 | Lair:1   | Noticed an oklob plant
 13304 | Lair:1   | Noticed an oklob plant
 13333 | Lair:2   | Found a hole to the Spider Nest.
 13333 | Lair:2   | Noticed a pharaoh ant
 13652 | Lair:2   | Noticed a five-headed hydra
 13670 | Lair:2   | Killed a five-headed hydra
 13671 | Lair:2   | Reached XP level 12. HP: 82/112 MP: 10/17
 14891 | Lair:2   | Identified the +8 broad axe "Mapem" {freeze, Str+2}
 14893 | Lair:2   | Noticed a five-headed hydra
 14907 | Lair:2   | Killed a five-headed hydra
 15258 | Lair:2   | Found a staircase to the Swamp.
 15258 | Lair:2   | Noticed a ghost crab
 15275 | Lair:2   | Killed a ghost crab
 15888 | Lair:3   | Noticed a skyshark
 16007 | Lair:3   | Received a gift from Okawaru
 16324 | Lair:3   | Reached skill level 10 in Unarmed Combat
 16337 | Lair:3   | Gained mutation: You can use your snake-like lower body to
                  | constrict enemies. [Naga growth]
 16337 | Lair:3   | Reached XP level 13. HP: 72/121 MP: 18/18
 16934 | D:11     | Reached skill level 10 in Fighting
 17920 | D:11     | Found a staircase to the Orcish Mines.
 17941 | Orc:1    | Entered Level 1 of the Orcish Mines
 18606 | Orc:2    | Entered Level 2 of the Orcish Mines
 18606 | Orc:2    | Found a bloodstained altar of Trog.
 18633 | Orc:2    | Noticed Erolcha
 18642 | Orc:2    | Killed Erolcha
 18894 | Orc:2    | Found a staircase to the Elven Halls.
 19002 | Orc:2    | Identified the +1 cloak "Reol" {Harm +Inv} (Okawaru gifted
                  | it to you on level 2 of the Orcish Mines)
 19002 | Orc:2    | Received a gift from Okawaru
 19333 | Orc:2    | Noticed Maurice
 19342 | Orc:2    | Killed Maurice
 19865 | Orc:2    | Paralysed by an ogre mage for 4 turns
 20440 | D:8      | Bought a condenser vane for 480 gold pieces
 20440 | D:8      | Bought a phial of floods for 480 gold pieces
 20440 | D:8      | Bought a wand of quicksilver (6) for 302 gold pieces
 20903 | Lair:3   | Noticed an ice dragon
 20935 | Lair:3   | Killed an ice dragon
 21439 | Lair:4   | Reached XP level 14. HP: 85/138 MP: 19/19
 21570 | Lair:4   | Found a runed translucent gate.
 21570 | Lair:4   | Found a runed translucent gate.
 21571 | Lair:4   | Found a runed translucent gate.
 22228 | Lair:4   | Received a gift from Okawaru
 22317 | Lair:4   | Noticed Rupert
 22332 | Lair:4   | Killed Rupert
 22728 | Lair:4   | Reached skill level 5 in Shapeshifting
 23000 | Lair:4   | Noticed Okey's ghost (journeyman DDFi)
 23203 | Lair:4   | Received a gift from Okawaru
 23382 | Lair:4   | Found the +9 sword of Power {lifebolt}
 23569 | Lair:4   | Killed Okey's ghost
 23695 | Lair:5   | Entered Level 5 of the Lair of Beasts
 23731 | Lair:5   | Found a basalt altar of Yredelemnul.
 24645 | Lair:5   | Learned a level 2 spell: Blink
 24779 | Lair:5   | Identified the ring of the Pure Priests {Will+ rCorr Str+3}
 24789 | Lair:5   | Got Beshijy's Discursus on Jinxing and Geology
 25120 | Lair:5   | Found a staircase to the Slime Pits.
 25120 | Lair:5   | Found a viscous altar of Jiyva.
 25680 | Swamp:1  | Entered Level 1 of the Swamp
 25711 | Swamp:1  | Reached skill level 1 in Translocations
 25711 | Swamp:1  | Reached XP level 15. HP: 114/147 MP: 20/20
 25741 | Swamp:1  | You fall into a shaft and drop 1 floor!
 25837 | Swamp:2  | Reached skill level 1 in Spellcasting
 26125 | Swamp:2  | Noticed a thorn hunter
 26139 | Swamp:2  | Noticed Mlioglotl
 26139 | Swamp:2  | Noticed a thorn hunter
 26149 | Swamp:2  | Killed a thorn hunter
 26163 | Swamp:2  | Killed a thorn hunter
 27058 | D:12     | Reached skill level 5 in Translocations
 27500 | D:12     | Identified the +7 plate armour of Context {+Inv Fly rPois}
 27731 | D:13     | Found a gate to the Vaults.
 27880 | D:12     | Reached skill level 10 in Shapeshifting
 29224 | D:13     | Noticed Lodul
 29230 | D:13     | Killed Lodul
 29478 | D:13     | Identified the +3 ring mail of the Moneychanger {Rampage
                  | Regen+ Int-5 Dex-5} (Okawaru gifted it to you on level 13
                  | of the Dungeon)
 29478 | D:13     | Received a gift from Okawaru
 29914 | D:13     | Found a hazy altar of Hepliaklqana.
 31279 | D:14     | Identified the +3 chain mail of an ossuary {Fly rC+ Str+3}
 31281 | D:14     | Reached XP level 16. HP: 72/156 MP: 21/21
 31331 | D:14     | Identified the +0 war axe of the Omega Point {flame, rN+
                  | rCorr}
 31335 | D:14     | HP: 4/156 [centaur warrior/arrow (15)]
 31364 | D:14     | Shot with an arrow by a centaur warrior

Illustrated notes

Levels and vault maps discovered:
D:1:      dpeg_arrival_round_c, layout_basic,
          dreamdust_ecumenical_altar_sealed_demon
D:2:      layout_basic, minmay_close_crescents
D:3:      layout_rooms, uniq_sigmund, uniq_crazy_yiuf_cottage, uniq_terence
D:4:      minmay_wonky_spiral, layout_rooms, okawaru_metal_pillars_3,
          nicolae_overflow_hidden_temple, small_statue_intersection
D:5:      layout_cave_pools, gammafunk_temple_overflow_forgotten,
          minmay_temple_entry_overgrown, amcnicky_mini_pool_small,
          minmay_misc_feat_encased
D:6:      layout_gridville, serial_shops, nicolae_shop_tiny_statue_garden
D:7:      layout_basic, hangedman_misty_isle, uniq_maggie
D:8:      layout_gridville, grunt_lair_entry_orc_guard_hut,
          nicolae_blasting_shop, uniq_joseph
D:9:      nicolae_cairo_tiling_large_dashed, layout_irregular_city,
          marbit_many_paths
D:10:     layout_basic
D:11:     layout_roguey, hiddenorc1_lemuel
D:12:     layout_rooms, minmay_puff
D:13:     layout_layer_cave, lightli_vaults_fourway_checkpoint,
          nicolae_hepliaklqana_hippocampus, uniq_lodul
D:14:     minmay_the_grid_square_5x5_5x5_mashed [minmay_the_grid_square_5x5_c,
          minmay_the_grid_square_5x5_inner_z,
          minmay_the_grid_square_5x5_checkered_statues,
          minmay_the_grid_square_5x5_two,
          minmay_the_grid_square_5x5_hollow_slash,
          minmay_the_grid_square_5x5_broken_cross,
          minmay_the_grid_square_5x5_prize_snowflake,
          minmay_the_grid_square_5x5_corner,
          minmay_the_grid_square_5x5_prize_gold,
          minmay_the_grid_square_5x5_three_small,
          minmay_the_grid_square_5x5_fancy_junction,
          minmay_the_grid_square_5x5_n,
          minmay_the_grid_square_5x5_prize_deathbox,
          minmay_the_grid_square_5x5_inverted_slash,
          minmay_the_grid_square_5x5_bracketed,
          minmay_the_grid_square_5x5_two_walls_b,
          minmay_the_grid_square_5x5_prize_pseudospiral,
          minmay_the_grid_square_5x5_n_small,
          minmay_the_grid_square_5x5_prize_monsterx,
          minmay_the_grid_square_5x5_spiral_small,
          minmay_the_grid_square_5x5_half_checkered,
          minmay_the_grid_square_5x5_tri_point,
          minmay_the_grid_square_5x5_gyroscope, minmay_the_grid_square_5x5_comb,
          minmay_the_grid_square_5x5_shrine2], layout_irregular_city,
          ebering_ghost_inner_flame, patterned_corridor
Temple:   regret_index_temple_sphere_string
Lair:1:   dpeg_oklob_gauntlet, layout_chaotic_city, lemuel_fruit_fields
Lair:2:   layout_cave_shapes, nicolae_swamp_entry_spooky,
          nicolae_spider_entry_lesser_pyramids, worms_lemuel
Lair:3:   layout_gridlike, portal_ice_cave_entry_animals_and_master
Lair:4:   layout_regular_city, gammafunk_ghost_icy, bobbens_dragon_lair_wall,
          uniq_rupert
Lair:5:   minmay_lair_end_frog_pond, layout_cave_pods, slime_entry_1,
          basic_altar
Swamp:1:  layout_basic_swamp, evilmike_swamp_ruin_rubble_1, swamp_pool2
Swamp:2:  layout_basic_swamp, nicolae_swamp_some_circles, swamp_pool4,
          st_swamp_ruins_2, uniq_mlioglotl
Orc:1:    layout_diamond_mine
Orc:2:    kennysheep_orc_mage_school, layout_caves, basic_altar,
          minmay_orc_keep, uniq_erolcha, uniq_maurice

Skill      XL: |  1  2  3  4  5  6  7  8  9 10 11 12 13 14 15 |
---------------+----------------------------------------------+-----
Stealth        | 2 4 |  4.0
Dodging        | 2 3 4 |  4.2
Fighting       | 2 3 4 5 6 8 9 12 13 | 13.0
Unarmed Combat | 4 5 6 7 8 9 10 12 13 | 13.3
Shapeshifting  | 4 8 12 | 12.5
Armour         | 2 3 5 6 9 |  9.8
Invocations    | 4 6 |  6.9
Evocations     | 2 4 |  4.0
Shields        | 6 |  6.0
Translocations | 1 5 |  5.0
Spellcasting   | 2 |  2.0

Action                     |  1- 3 |  4- 6 |  7- 9 | 10-12 | 13-15 | 16-18 || total
---------------------------+-------+-------+-------+-------+-------+-------++-------
  Melee: Unarmed           |    65 |   120 |   267 |   840 |  1324 |    25 ||  2641
         Punch             |     1 |     2 |    20 |    16 |       |       ||    39
         Constrict         |       |       |       |       |   246 |     5 ||   251
         Maw               |       |       |       |       |     3 |       ||     3
   Fire: Sling             |       |     5 |    12 |       |       |       ||    17
         Shortbow          |       |       |       |     3 |       |       ||     3
  Throw: Dart              |       |       |     2 |     3 |     6 |       ||    11
         Javelin           |       |       |       |     1 |     1 |       ||     2
   Cast: Blink             |       |       |       |       |     2 |       ||     2
 Invoke: Heroism           |       |       |     3 |    14 |    14 |       ||    31
         Finesse           |       |       |       |     1 |     1 |       ||     2
Ability: Spit Poison       |    28 |    46 |    41 |    59 |    73 |     3 ||   250
         Begin Untransform |       |       |       |     3 |     2 |       ||     5
  Evoke: Wand              |       |       |     2 |     7 |    25 |     4 ||    38
         Condenser vane    |       |       |       |       |     3 |       ||     3
         Phial of floods   |       |       |       |       |     1 |       ||     1
    Use: Potion            |     3 |     4 |     5 |     8 |     6 |     6 ||    32
         Scroll            |     1 |     1 |     7 |    15 |     8 |     7 ||    39
   Stab: Sleeping          |       |       |       |       |     2 |       ||     2
         Distracted        |       |       |       |       |     1 |       ||     1
 Armour: Animal skin       |    14 |    24 |    11 |       |       |       ||    49
         Skin              |    28 |       |       |    34 |     7 |       ||    69
         Chain mail        |       |       |    88 |   213 |       |       ||   301
         Scale mail        |       |       |       |   407 |  1045 |    45 ||  1497
  Dodge: Dodged            |    35 |    55 |   138 |   319 |   474 |    10 ||  1031
  Block: Buckler           |       |       |       |   167 |   366 |    10 ||   543
         Reflection        |       |       |       |       |     1 |     2 ||     3
   Form: Beast             |       |       |     2 |     2 |       |       ||     4
                           |       |       |     1 |       |       |       ||     1
         Death             |       |       |     1 |       |       |       ||     1
         Anaconda          |       |       |       |       |     1 |       ||     1
         Maw               |       |       |       |       |     1 |       ||     1

Table legend: (Time is in decaauts)
 A = Elapsed time spent in this place.
 B = Non-inter-level travel time spent in this place.
 C = Inter-level travel time spent in this place.
 D = Time resting spent in this place.
 E = Time spent auto-exploring this place.
 F = Levels seen in this place.
 G = Mean time per level.
                   A        B        C        D        E       F      G
               +--------+--------+--------+--------+--------+-----+--------+
         Total |  36468 |  33803 |   2665 |  11373 |  13470 |  24 | 1519.5 |
       Dungeon |  21434 |  19707 |   1727 |   6262 |   8158 |  14 | 1531.0 |
        Temple |      1 |      1 |      0 |      0 |      0 |   1 |    1.0 |
          Lair |  11735 |  11114 |    621 |   3989 |   4320 |   5 | 2347.0 |
         Swamp |    503 |    503 |      0 |    313 |      0 |   2 |  251.5 |
  Orcish Mines |   2793 |   2477 |    316 |    808 |    992 |   2 | 1396.5 |
               +--------+--------+--------+--------+--------+-----+--------+

Top non-repeatable levels by time:
  Lair:4: 3387 daAuts
  Lair:2: 2957 daAuts
    D:13: 2295 daAuts
     D:6: 2145 daAuts
  Lair:3: 1944 daAuts
    D:12: 1887 daAuts
  Lair:1: 1851 daAuts
   Orc:2: 1798 daAuts
     D:9: 1785 daAuts
     D:8: 1781 daAuts
     D:7: 1699 daAuts
    D:10: 1698 daAuts
  Lair:5: 1595 daAuts
     D:2: 1437 daAuts
     D:1: 1429 daAuts
